 Seeded DCSS version 0.29.1-15-g9cfb28693d (webtiles) character file.

Game seed: 4916263666957482044 (custom seed)

6418 kingofthe the Covert (level 10, -1/50 HPs)
             Began as a Deep Elf Conjurer on Apr 9, 2023.
             Was an Elder of Sif Muna.
             Slain by a centaur warrior
             ... wielding a +0 whip
              (16 damage)
             ... on level 9 of the Dungeon.
             The game lasted 00:34:03 (11978 turns).

kingofthe the Covert (Deep Elf Conjurer)           Turns: 11978, Time: 00:34:03

Health: -1/50      AC:  5    Str: 16    XL:     10   Next: 66%
Magic:  16/25      EV: 17    Int: 29    God:    Sif Muna [****..]
Gold:   747        SH:  5    Dex: 15    Spells: 11/27 levels left

rFire   + . .      SeeInvis .   a - staff of conjuration {!a}
rCold   . . .      Faith    .   (no shield)
rNeg    . . .      Spirit   .   y - +1 robe {Archmagi}
rPois   .          Reflect  +   (no helmet)
rElec   .          Harm     .   (no cloak)
rCorr   .          Rampage  .   A - +1 pair of gloves
Will    +....      Archmagi +   (no boots)
Stlth   +++++.....              k - amulet of reflection
HPRegen 0.16/turn               C - ring of Dytide {rF+ Str+6 Int+3}
MPRegen 0.19/turn               S - +6 ring of strength

@: studying Stealth
A: no striking features
a: Renounce Religion, Channel Magic, Forget Spell, Divine Exegesis


You were on level 9 of the Dungeon.
You worshipped Sif Muna.
Sif Muna was greatly pleased with you.
You visited 2 branches of the dungeon, and saw 10 of its levels.
You also visited: Ossuary.

You collected 831 gold pieces.
You spent 84 gold pieces at shops.


   Skills:
 * Level 10.7 Dodging
 + Level 12.0 Stealth
 + Level 9.2 Spellcasting
 + Level 8.6 Conjurations
 + Level 8.4 Hexes
 - Level 4.0 Translocations


You had 11 spell levels left.
You knew the following spells:

 Your Spells              Type           Power      Damage    Failure   Level
a - Magic Dart            Conj           100%       1d8       1%          1
b - Searing Ray           Conj           100%       2d8       1%          2
c - Fulminant Prism       Conj/Hex       48%        3d21      1%          4
d - Dazzling Flash        Conj/Hex       100%       N/A       1%          3
e - Iskenderun's Mystic   Conj/Tloc      85%        2d17      3%          4
z - Blink                 Tloc           100%       N/A       1%          2

Your spell library contained the following spells:

 Spells                   Type           Power      Damage    Failure   Level
 Lesser Beckoning         Tloc           53%        N/A       2%          3
 Summon Guardian Golem    Hex/Summ       54%        N/A       2%          3
 Summon Small Mammal      Summ           80%        N/A       4%          1
 Call Canine Familiar     Summ           20%        N/A       12%         3
 Manifold Assault         Tloc           53%        N/A       22%         5

Inventory:

Hand Weapons
 b - a +2 dagger of flaming
 L - a +1 dagger of holy wrath
Missiles
 j - 4 boomerangs of dispersal {=f}
Armour
 y - a +1 robe of the Archmagi (worn)
 A - a +1 pair of gloves (worn)
 H - +0 steam dragon scales
Magical Staves
 a - a staff of conjuration (weapon) {!a}
Jewellery
 f - a ring of fire
 k - an amulet of reflection (around neck)
 v - a ring of see invisible
 C - the ring of Dytide (left hand) {rF+ Str+6 Int+3}
   (You found it on level 7 of the Dungeon)

   [ring of strength]

   Str:       It affects your strength (+6).
   Int:       It affects your intelligence (+3).
   rF:        It protects you from fire.
 F - a ring of protection from fire
 N - a ring of positive energy
 S - a +6 ring of strength (right hand)
Wands
 I - a wand of polymorph (7)
 J - a wand of mindburst (18)
Scrolls
 i - a scroll of poison {unknown}
 l - 2 scrolls of identify {@r1}
 m - a scroll of brand weapon
 n - a scroll of enchant armour {unknown}
 q - 2 scrolls of immolation
 r - a scroll of fog
 s - a scroll of fear
 t - 2 scrolls of blinking {unknown}
 w - 3 scrolls of magic mapping
 x - a scroll of summoning {unknown}
 D - a scroll of torment {unknown}
 E - a scroll of noise {unknown}
 G - 3 scrolls of enchant weapon
Potions
 c - 2 potions of degeneration {unknown}
 d - a potion of attraction {unknown}
 e - 2 potions of flight
 g - a potion of ambrosia {unknown}
 h - a potion of invisibility {unknown}
 o - a potion of haste {unknown}
 p - a potion of magic
 u - 3 potions of curing {@q1}
 z - a potion of berserk rage {unknown}
 B - a potion of heal wounds {@q2}
 K - a potion of cancellation {unknown}

Dungeon Overview and Level Annotations

Branches:
Dungeon (9/15)             Temple (1/1) D:7            Lair (0/5) D:8
Ossuary (visited)
    Orc: D:9-12

Altars:
Ashenzari
Cheibriados
Dithmenos
Elyvilon
Fedhas
Hepliaklqana
Kikubaaqudgha
Makhleb
Nemelex Xobeh
Okawaru
Qazlal
Ru
Sif Muna
Trog
Uskayaw
Vehumet
Wu Jian
Xom
Yredelemnul
Zin
The Shining One

Shops:
D:4 ?

Annotations:
D:2 1 runed translucent door, Crazy Yiuf
D:3 Return with dig
D:4 Pikel
D:5 3 runed translucent doors, exclusion: upstairs, kingofthe's ghost, novice DECj
D:6 3 runed translucent doors, sigtrap's ghost, novice SpHu
D:7 exclusion: statue

............#
#####.......#
#.......#
#...#'### #...#.#
#####.####
#.....# #.....#
#..@..# ...#
##c#####...#
##).c..#...#
...✱..#...###
####....'.....#
#.......#...#.###
...)...(.........
..##....<........
#....#..#..c.


You could see a centaur warrior.


Message History

Aiming: Fulminant Prism (dangerous; 1% risk of failure)
Press: ? - help, Dir - move target You feel a strong surge of power!
You conjure a prism of explosive energy!
A fulminant prism comes into view.
The centaur warrior shoots an arrow.
The arrow hits you!!
You hear a loud crackle.
You hear an explosion!
The blast of energy engulfs the centaur warrior!!!
The centaur warrior is severely wounded.
You hear a bellow! x2
The centaur warrior unwields a +0 shortbow.
The centaur warrior wields a +0 whip.
You block the centaur warrior's attack. The centaur warrior kicks you.
Casting: Fulminant Prism (dangerous; 1% risk of failure)
Confirm with . or Enter, or press ? or * to list all spells.
Aiming: Searing Ray (safe; 1% risk of failure)
Press: ? - help, Shift-Dir - straight line, f - centaur warrior
Aim: a centaur warrior, wielding a +0 whip (severely wounded, 87% to hit)
You feel a strong surge of power!
The searing ray hits the centaur warrior!
The centaur warrior is almost dead. (Press . to maintain the ray.)
The centaur warrior hits you with a +0 whip!
* * * LOW HITPOINT WARNING * * *
You block the centaur warrior's attack.
The searing ray hits the centaur warrior.
The centaur warrior is almost dead.
The centaur warrior hits you with a +0 whip!
You die...

Skill      XL: |  1  2  3  4  5  6  7  8  9 10 |
---------------+-------------------------------+-----
Stealth        | 3 4 5 6 7 9 10 12 | 12.0
Dodging        | 3 4 5 6 7 9 10 | 10.7
Spellcasting   | 4 5 7 8 9 |  9.2
Conjurations   | 5 6 7 8 |  8.6
Hexes          | 2 4 6 7 8 |  8.4
Translocations | 4 |  4.0

Action                   |  1- 3 |  4- 6 |  7- 9 | 10-12 || total
-------------------------+-------+-------+-------+-------++-------
 Cast: Magic Dart        |    66 |    40 |   121 |    11 ||   238
       Searing Ray       |     5 |    13 |    79 |    15 ||   112
       Fulminant Prism   |       |       |    16 |    29 ||    45
  Use: Scroll            |       |       |     9 |       ||     9
Armor: Robe              |       |       |    11 |     1 ||    12
Dodge: Dodged            |       |     1 |    55 |    20 ||    76
Block: Other             |       |       |    19 |     4 ||    23
       Reflection        |       |       |     2 |     1 ||     3

Levels and vault maps discovered:
D:1:      scummos_arrival_hexagon, layout_basic,
          chequers_ecumenical_altar_island
D:2:      layout_loops_ring, uniq_crazy_yiuf_cottage
D:3:      layout_basic, mainiacjoe_overflow_alcove_4,
          nicolae_sif_muna_little_library, gammafunk_temple_overflow_wave,
          uniq_jessica
D:4:      layout_cave_pools, nemelex_xobeh_ov_fountains_minmay, serial_shops,
          nicolae_take_the_stairs, uniq_natasha
D:5:      layout_loops_ring, nicolae_wu_jian_immortal_techniques,
          nicolae_overflow_hidden_temple, ebering_ghost_rock_garden,
          kennysheep_generic_room_2, uniq_pikel, uniq_sigmund
D:6:      layout_rooms, amethyst_overflow_temple_binary,
          nicolae_ossuary_entry_monument, ebering_ghost_rock_garden,
          hangedman_decor_points, uniq_blork_the_orc
D:7:      layout_basic, vehumet_statue, nicolae_overflow_squiral,
          temple_doors_e, david_defended_altar_orc
D:8:      layout_loops_ring, mainiacjoe_overflow_chevrons, lair_entry_dummy,
          serial_ice, serial_ice_a, serial_ice_d, serial_ice_f, serial_ice_c,
          serial_ice_m, serial_ice_g, serial_ice_i, serial_ice_n, serial_ice_e,
          serial_ice_o, hangedman_glass_teeth, minmay_crystal_water,
          uniq_amaemon
D:9:      minmay_diamond_stairs, layout_basic, nicolae_gozag_seed_capital,
          lightli_orcish_oven
Temple:   nicolae_temple_bog_church

Notes
Turn   | Place    | Note
-------+----------+-------------------------------------------
     0 | D:1      | kingofthe the Deep Elf Conjurer began the quest for the
                  | Orb.
     0 | D:1      | Reached XP level 1. HP: 10/10 MP: 6/6
   198 | D:1      | Reached XP level 2. HP: 15/15 MP: 6/8
   201 | D:1      | Learned a level 2 spell: Searing Ray
   299 | D:1      | Found a faded altar of an unknown god.
   305 | D:1      | Reached skill level 3 in Stealth
   380 | D:1      | Reached skill level 3 in Dodging
   726 | D:1      | Reached XP level 3. HP: 19/19 MP: 5/9
  1499 | D:2      | Found a runed translucent door.
  1500 | D:2      | Noticed Crazy Yiuf
  1553 | D:2      | Reached skill level 4 in Stealth
  1796 | D:2      | Reached XP level 4. HP: 24/24 MP: 8/11
  2331 | D:3      | Found a blossoming altar of Fedhas.
  2331 | D:3      | Noticed Jessica
  2334 | D:3      | Killed Jessica
  2335 | D:3      | Reached skill level 4 in Dodging
  2393 | D:3      | Reached skill level 5 in Stealth
  2393 | D:3      | Reached skill level 4 in Spellcasting
  2393 | D:3      | Reached XP level 5. HP: 28/28 MP: 5/13
  2486 | D:3      | Found a shimmering blue altar of Sif Muna.
  2492 | D:3      | Became a worshipper of Sif Muna the Loreminder
  2529 | D:3      | Found a broken altar of Ashenzari.
  2529 | D:3      | Found an iron altar of Okawaru.
  2575 | D:4      | Found Sefeebynk's Magic Scroll Boutique.
  2591 | D:4      | Reached skill level 5 in Conjurations
  2636 | D:4      | Reached skill level 6 in Stealth
  2681 | D:4      | Noticed Natasha
  2686 | D:4      | Killed Natasha
  2687 | D:4      | Reached XP level 6. HP: 28/32 MP: 8/14
  2866 | D:4      | Learned a level 4 spell: Fulminant Prism
  2894 | D:4      | Found a sparkling altar of Nemelex Xobeh.
  2954 | D:4      | Noticed Natasha
  2964 | D:4      | Killed Natasha
  3102 | D:4      | Noticed Natasha
  3107 | D:4      | Killed Natasha
  3108 | D:4      | Reached skill level 5 in Dodging
  3108 | D:4      | Reached skill level 1 in Hexes
  3456 | D:5      | Entered Level 5 of the Dungeon
  3461 | D:5      | Reached skill level 7 in Stealth
  3461 | D:5      | Reached skill level 2 in Hexes
  3517 | D:5      | Reached XP level 7. HP: 36/36 MP: 11/16
  3745 | D:5      | Noticed Pikel
  3803 | D:5      | Found a glowing golden altar of the Shining One.
  3803 | D:5      | Found a snail-covered altar of Cheibriados.
  3809 | D:5      | Found a runed translucent gate.
  3810 | D:5      | Found a runed translucent gate.
  3811 | D:5      | Found a runed translucent gate.
  3813 | D:5      | Noticed kingofthe's ghost (novice DECj)
  3884 | D:5      | Found an ornate altar of the Wu Jian Council.
  4127 | D:4      | Bought a scroll of teleportation for 36 gold pieces
  4127 | D:4      | Bought a scroll of fear for 48 gold pieces
  4451 | D:5      | Identified a +1 robe of the Archmagi
  4451 | D:5      | Noticed Sigmund
  4464 | D:5      | Reached skill level 3 in Hexes
  4467 | D:5      | Reached skill level 5 in Spellcasting
  4604 | D:5      | Killed Sigmund
  4605 | D:5      | Reached skill level 6 in Dodging
  4605 | D:5      | Reached skill level 4 in Hexes
  5246 | D:5      | Reached * piety under Sif Muna
  5290 | D:5      | Reached skill level 6 in Conjurations
  5585 | D:5      | Found an ornate altar of the Wu Jian Council.
  5949 | D:5      | Found a snail-covered altar of Cheibriados.
  6209 | D:5      | Reached XP level 8. HP: 35/41 MP: 7/18
  6282 | D:6      | Reached skill level 8 in Stealth
  6361 | D:6      | Reached skill level 6 in Spellcasting
  6525 | D:6      | Found a white marble altar of Elyvilon.
  6558 | D:6      | Noticed Blork the orc
  6559 | D:6      | Found a sand-covered staircase.
  6566 | D:6      | Reached skill level 5 in Hexes
  6571 | D:6      | Killed Blork the orc
  6572 | D:6      | Reached skill level 7 in Dodging
  6595 | Ossuary  | Entered an ossuary
  7110 | D:6      | Found a stormy altar of Qazlal.
  7177 | D:6      | Found a runed translucent gate.
  7177 | D:6      | Found a runed translucent gate.
  7177 | D:6      | Found a runed translucent gate.
  7447 | D:6      | Noticed sigtrap's ghost (novice SpHu)
  7557 | D:7      | Found a radiant altar of Vehumet.
  7579 | D:7      | Found a staircase to the Ecumenical Temple.
  7598 | Temple   | Entered the Ecumenical Temple
  8016 | D:7      | Identified the ring of Dytide {rF+ Str+6 Int+3}
  8090 | D:7      | Found a sacrificial altar of Ru.
  8093 | D:7      | Found a shimmering altar of Xom.
  8100 | D:7      | Reached skill level 9 in Stealth
  8100 | D:7      | Reached skill level 6 in Hexes
  8109 | D:7      | Reached ** piety under Sif Muna
  8110 | D:7      | Reached skill level 7 in Spellcasting
  8160 | D:7      | Reached skill level 7 in Conjurations
  8318 | D:7      | Reached XP level 9. HP: 45/45 MP: 13/21
  8556 | D:7      | Learned a level 2 spell: Blink
  8701 | D:7      | Reached skill level 1 in Translocations
  8742 | D:7      | Reached skill level 8 in Dodging
  9210 | D:8      | Found a staircase to the Lair.
  9514 | D:8      | Noticed a polar bear
  9550 | D:8      | Reached skill level 2 in Translocations
  9610 | D:8      | Found a bloodstained altar of Trog.
  9915 | D:8      | Learned a level 3 spell: Dazzling Flash
  9983 | D:8      | Reached skill level 3 in Translocations
 10032 | D:8      | Reached skill level 10 in Stealth
 10117 | D:8      | Reached skill level 7 in Hexes
 10183 | D:8      | Reached skill level 8 in Spellcasting
 10212 | D:8      | Reached skill level 9 in Dodging
 10212 | D:8      | Reached skill level 4 in Translocations
 10315 | D:8      | Learned a level 4 spell: Iskenderun's Mystic Blast
 10353 | D:8      | Noticed an orange demon
 10356 | D:8      | Reached *** piety under Sif Muna
 10359 | D:8      | Killed an orange demon
 10360 | D:8      | Reached XP level 10. HP: 50/50 MP: 16/24
 10373 | D:8      | Noticed Amaemon
 10524 | D:8      | Killed Amaemon
 10525 | D:8      | Reached skill level 11 in Stealth
 10525 | D:8      | Reached skill level 8 in Conjurations
 10724 | D:8      | Reached skill level 10 in Dodging
 10733 | D:8      | Reached skill level 8 in Hexes
 11172 | D:8      | Reached skill level 9 in Spellcasting
 11764 | D:9      | Noticed a centaur warrior
 11843 | D:8      | Reached skill level 12 in Stealth
 11917 | D:9      | Reached **** piety under Sif Muna
 11978 | D:9      | Slain by a centaur warrior

Vanquished Creatures
  Amaemon (D:8)
  An orange demon (D:8)
  2 polar bears (D:8)
  A troll (D:9)
  Sigmund (D:5)
  4 yaks (D:8)
  A wyvern (D:8)
  A steam dragon (D:8)
  A water moccasin (D:7)
  An orc warrior (D:9)
  2 black bears
  7 ice beasts
  A sky beast (D:7)
  2 ogres
  2 wolves (D:8)
  2 centaurs
  A phantom (D:7)
  Blork the orc (D:6)
  4 lemures (D:5)
  2 bullfrogs
  2 necrophages
  4 wights (D:8)
  2 scorpions
  4 killer bees (D:8)
  2 howler monkeys (D:8)
  2 electric eels (D:8)
  A centaur zombie (Ossuary)
  4 jellies
  5 hounds
  2 gnoll boudas
  9 orc priests
  Jessica (D:3)
  Natasha (thrice) (D:4)
  An iguana (D:5)
  4 orc wizards
  2 centaur simulacra
  2 mummies (Ossuary)
  9 gnolls
  11 adders
  2 shadow imps
  7 white imps
  5 ufetubi
  A worm (D:2)
  2 dart slugs
  26 orcs
  7 endoplasms
  4 giant cockroaches
  3 gnoll zombies (Ossuary)
  4 goblins
  7 hobgoblins
  4 kobolds
  2 quokkas
  4 ball pythons
  6 bats (D:1)
  5 frilled lizards
  4 goblin zombies (Ossuary)
  A hobgoblin zombie (Ossuary)
  5 orc zombies (Ossuary)
  4 rats
211 creatures vanquished.

Vanquished Creatures (others)
  45 fulminant prisms
45 creatures vanquished.

Grand Total: 256 creatures vanquished

Table legend: (Time is in decaauts)
 A = Elapsed time spent in this place.
 B = Non-inter-level travel time spent in this place.
 C = Inter-level travel time spent in this place.
 D = Time resting spent in this place.
 E = Time spent auto-exploring this place.
 F = Levels seen in this place.
 G = Mean time per level.
                   A        B        C        D        E       F      G
               +--------+--------+--------+--------+--------+-----+--------+
         Total |  11989 |  11622 |    367 |   2639 |   7268 |  11 | 1089.9 |
       Dungeon |  11324 |  10968 |    356 |   2384 |   6970 |   9 | 1258.2 |
        Temple |    210 |    199 |     11 |      0 |    194 |   1 |  210.0 |
       Ossuary |    454 |    454 |      0 |    255 |    103 |   1 |  454.0 |
               +--------+--------+--------+--------+--------+-----+--------+

Top non-repeatable levels by time:
     D:8: 2571 daAuts
     D:5: 2262 daAuts
     D:7: 1586 daAuts
     D:4: 1457 daAuts
     D:2: 1124 daAuts
     D:1: 804 daAuts
     D:6: 759 daAuts
     D:3: 621 daAuts
 Ossuary: 454 daAuts
  Temple: 210 daAuts
     D:9: 136 daAuts

Table legend:
 A = Non-vault XP
 B = Vault XP
 C = Vault XP percentage of total XP
 D = Non-vault monster count
 E = Vault monster count
 F = Vault count percentage of total count
                 A         B        C        D         E       F
            +---------+---------+-------+---------+---------+-------
      Total |    4505 |    4664 |  50.9 |     156 |      51 |  24.6
            +---------+---------+-------+---------+---------+-------
        D:1 |      42 |       0 |   0.0 |      24 |       0 |   0.0
        D:2 |      55 |       0 |   0.0 |      16 |       0 |   0.0
        D:3 |      84 |      37 |  30.6 |      12 |       1 |   7.7
        D:4 |     368 |      36 |   8.9 |      12 |       1 |   7.7
        D:5 |     483 |     360 |  42.7 |      22 |       2 |   8.3
        D:6 |     486 |     100 |  17.1 |      17 |       1 |   5.6
        D:7 |    1083 |     122 |  10.1 |      22 |       3 |  12.0
        D:8 |    1554 |    3602 |  69.9 |      26 |      25 |  49.0
        D:9 |     350 |     311 |  47.0 |       5 |       2 |  28.6
    Ossuary |       0 |      96 | 100.0 |       0 |      16 | 100.0
            +---------+---------+-------+---------+---------+-------
